 Dungeon Crawl Stone Soup version 0.19-a0-330-g034cfd4 (webtiles) character file.

84164 nubinia the Eclecticist (level 15, -5/82 HPs)
             Began as a Deep Elf Fire Elementalist on May 27, 2016.
             Was the Champion of Hepliaklqana.
             Killed from afar by a thorn hunter (33 damage)
             ... with a volley of thorns
             ... on level 3 of the Swamp on May 28, 2016.
             The game lasted 04:44:31 (31270 turns).

nubinia the Eclecticist (DEFE)                     Turns: 31270, Time: 04:44:32

Health: -5/82      AC:  7    Str:  5    XL:     15   Next: 34%
Magic:  18/46      EV: 27    Int: 26    God:    Hepliaklqana [******]
Gold:   2463       SH:  0    Dex: 19    Spells: 11 memorised, 16 levels left

rFire  + . .     SeeInvis .     a - +9 arbalest "Sazapp" {flame, rC++ MP+9}
rCold  + + .     Gourm    .     O - +1 robe {rF+}
rNeg   . . .     Faith    .     (shield currently unavailable)
rPois  .         Spirit   .     K - +2 hat {Int+3}
rElec  .         Dismiss  +     E - +0 cloak
rCorr  .         Reflect  .     (no gloves)
SustAt .         Harm     .     n - +0 pair of boots
MR     +....                    y - amulet of dismissal
Stlth  +++++.....               u - +2 ring of evasion
                                F - +2 ring of evasion

@: delayed fireball, somewhat resistant to hostile enchantments, quite stealthy
A: repulsion field 1, rugged brown scales 1, deformed body
a: Recall Ancestor, Ancestor Identity, Transference, Idealise, Renounce
Religion, Release Delayed Fireball


You were on level 3 of the Swamp.
You worshipped Hepliaklqana.
Hepliaklqana was exalted by your worship.
You were not hungry.

You visited 5 branches of the dungeon, and saw 23 of its levels.
You also visited: Sewer and Volcano.

You collected 2515 gold pieces.
You spent 52 gold pieces at shops.

Inventory:

Hand Weapons
 a - the +9 arbalest "Sazapp" (weapon) {flame, rC++ MP+9}
   (You found it on level 3 of the Lair of Beasts)

   It causes projectiles fired from it to burn those they strike, causing extra
   injury to most foes and up to half again as much damage against particularly
   susceptible opponents.
   It greatly protects you from cold.
   It affects your magic capacity (+9).
 b - the +5 spear of Income {pierce, Dex+5}
   (You found it on level 3 of the Lair of Beasts)

   It inflicts extra damage upon your enemies.
   It affects your dexterity (+5).
 Q - the +4 dagger "Morg" {pain, MR+ Int+5}
   (You found it on level 8 of the Lair of Beasts)

   In the hands of one skilled in necromantic magic, it inflicts extra damage on
   living creatures.
   It affects your intelligence (+5).
   It affects your resistance to hostile enchantments.
 V - the +0 spear of Trial by Ordeal {drain, rF- rN+ Str+9 Dex+4}
   (You found it on level 1 of the Lair of Beasts)

   A truly terrible weapon, it drains the life of those it strikes.
   It affects your strength (+9).
   It affects your dexterity (+4).
   It makes you vulnerable to fire.
   It protects you from negative energy.
Missiles
 s - 93 bolts (quivered)
Armour
 n - a +0 pair of boots (worn)
 v - a +3 leather armour of poison resistance
 D - a +2 robe of fire resistance
 E - a +0 cloak (worn)
 J - the +1 robe of the Raven {*Corrode rN+ MR+ Regen+}
   (You found it on level 5 of the Lair of Beasts)

   It protects you from negative energy.
   It affects your resistance to hostile enchantments.
   It increases your rate of regeneration.
   It may corrode you when you take damage.
 K - a +2 hat of intelligence (worn)
 O - a +1 robe of fire resistance (worn)
 Y - a +2 robe of the Archmagi
Magical Staves
 R - an uncursed staff of air
Jewellery
 j - an uncursed ring of wizardry
 u - a +2 ring of evasion (right hand)
 y - an amulet of dismissal (around neck)
 F - a +2 ring of evasion (left hand)
 L - a +2 ring of intelligence
 M - an uncursed ring of sustain attributes
Wands
 d - a wand of flame (6/48)
 e - a wand of flame (2/48)
 i - a wand of acid (6/15)
 p - a wand of iceblast (8/15)
 w - a wand of disintegration (13/24)
 C - a wand of disintegration (3/24)
 P - a wand of iceblast (9/15)
 T - a wand of acid (7/15)
Scrolls
 m - 3 scrolls of amnesia
 r - 2 scrolls of enchant weapon
 t - 8 scrolls of teleportation
 x - a scroll of fog
 G - 2 scrolls of magic mapping
 H - 2 scrolls of recharging
 S - 3 scrolls of blinking
 W - 2 scrolls of identify
 X - 3 scrolls of remove curse
 Z - 3 scrolls of enchant armour
Potions
 g - 5 potions of might
 h - 3 potions of flight
 k - 6 potions of curing
 o - a potion of cure mutation
 z - 2 potions of heal wounds
 A - 2 potions of brilliance
 B - 2 potions of magic
 I - a potion of haste
 U - a potion of berserk rage
Comestibles
 c - 11 bread rations
 f - 10 meat rations
 l - 22 fruits
 q - 5 beef jerkies
 N - 13 royal jellies


   Skills:
 + Level 4.4 Fighting
 + Level 1.0 Short Blades
 + Level 3.9 Polearms
 + Level 3.7 Crossbows
 + Level 4.2 Armour
 + Level 11.0 Dodging
 + Level 12.5 Stealth
 + Level 16.5 Spellcasting
 + Level 12.7 Conjurations
 + Level 0.2 Translocations
 + Level 11.7 Fire Magic
 - Level 0.2 Air Magic
 + Level 9.3 Invocations
 + Level 3.7 Evocations


You had 16 spell levels left.
You knew the following spells:

 Your Spells              Type           Power        Failure   Level  Hunger
a - Flame Tongue          Conj/Fire      #####        0%          1    None
b - Throw Flame           Conj/Fire      ######       1%          2    None
c - Mephitic Cloud        Conj/Pois/Air  #####...     1%          3    None
d - Sticky Flame          Conj/Fire      ######..     1%          4    None
e - Fireball              Conj/Fire      ######....   1%          5    None
f - Ignite Poison         Fire/Tmut/Pois #####...     1%          3    None
g - Apportation           Tloc           ###.......   2%          1    None
h - Summon Butterflies    Summ           ###.....     2%          1    None
i - Bolt of Fire          Conj/Fire      ######....   2%          6    ####...
j - Delayed Fireball      Conj/Fire      N/A          17%         7    #####..
C - Conjure Flame         Conj/Fire      ######..     1%          3    None


Dungeon Overview and Level Annotations

Branches:
Dungeon (9/15)             Temple (1/1) D:4            Lair (8/8) D:9
  Swamp (3/4) Lair:6       Spider (0/4) Lair:3        Slime (0/6) Lair:6
    Orc (2/2) D:9             Elf (0/3) Orc:2

Altars:
Ashenzari
Cheibriados
Dithmenos
Elyvilon
Fedhas
Gozag
Hepliaklqana
Kikubaaqudgha
Makhleb
Nemelex Xobeh
Okawaru
Pakellas
Qazlal
Ru
Sif Muna
Trog
Ukayaw
Vehumet
Xom
Yredelemnul
Zin
The Shining One
Beogh
Jiyva

Shops:
D:4 (   D:5 =   D:7 (   D:8 }   Orc:2 *(}?*

Portals:
Pandemonium: Orc:2

Annotations:
D:3 Purgy
D:7 exclusion: iron imp
Lair:2 exclusion: 3 oklob plants


Innate Abilities, Weirdness & Mutations

You are surrounded by a mild repulsion field. (EV +2)
You are partially covered in rugged brown scales. (AC +1, +3% HP)
Armour fits poorly on your strangely shaped body.


Message History

Confirm with . or Enter, or press ? or * to list all spells.
Aiming: Flame Tongue
Press: ? - help, Shift-Dir - straight line, f - bog body
Aim: a bog body The flame tongue misses the bog body.
The +9 arbalest "Sazapp" {flame, rC++ MP+9} bursts into flame!
a - the +9 arbalest "Sazapp" (weapon)
{flame, rC++ MP+9} The thorn hunter fires a volley of thorns at you.
The volley of thorns misses you.
Ankherfenedjef closely misses the thorn hunter.
Ankherfenedjef barely misses the thorn hunter.
The briar patch crumbles away.
The thorn hunter fires a volley of thorns at you.
The volley of thorns hits you!
Ouch! That really hurt!
The bog body points at you and mumbles some strange words.
The bolt of cold hits you! You resist.
The thorn hunter fires a volley of thorns at you.
The volley of thorns hits you!
You die...

♣♣♣♣♣♣♣♣ ♣♣♣ ♣♣♣♣♣.≈...≈♣♣
..≈♣♣♣≈.≈.≈≈≈....♣
≈♣...≈....§≈≈PP.≈♣ ♣
≈≈.≈≈.≈.....PPP♣♣♣ .♣
≈♣.≈≈≈≈≈≈♣♣♣♣♣.≈≈♣♣♣♣ §.♣♣
.♣♣♣≈≈≈≈♣♣♣≈♣♣.≈.♣..♣♣♣.≈≈..
♣≈≈♣♣...♣♣≈..P..@..n..≈...≈§
..≈≈≈♣♣♣♣♣........≈≈%...≈≈≈≈
≈≈≈≈..♣ ♣≈≈≈≈..§..≈...≈≈≈≈≈
§≈≈≈....♣♣.§≈≈.♣♣♣..fR≈≈≈≈≈≈
≈≈≈≈≈≈≈.♣♣....≈♣♣≈≈≈≈.≈≈≈≈≈≈
.≈≈≈≈≈≈...≈....≈♣.≈≈≈.≈≈≈≈..
.≈.≈♣...≈≈≈≈≈.....≈≈≈≈≈≈≈...
..♣♣≈.≈≈≈≈≈≈≈.♣♣..≈≈≈.......
♣♣♣..≈≈≈≈≈≈≈ ♣....≈♣♣.≈♣≈!


You could see a thorn hunter, a bog body and the friendly Ankherfenedjef the
knight.

Vanquished Creatures
  A thorn hunter (Swamp:3)
  5 hydras
  A catoblepas (Lair:6)
  A ghost crab (Swamp:1)
  4 alligators
  3 death yaks (Lair:4)
  5 orc high priests (Orc:2)
  A sun demon (Orc:2)
  2 spriggans (Swamp:2)
  A gelid demonspawn (Orc:2)
  2 swamp dragons
  2 shambling mangroves
  3 orc knights (Orc:2)
  A hornet (Swamp:1)
  The ghost of Tux the Fighter, a novice GrMo (D:7)
  5 orc sorcerers (Orc:2)
  A sixfirhy (Orc:2)
  4 black mambas
  13 elephants
  4 torpor snails
  30 spiny frogs
  4 rime drakes
  8 komodo dragons
  A yaktaur (Volcano)
  A hellwing (Orc:2)
  2 giant leeches
  A boulder beetle (Lair:6)
  14 blink frogs
  A slime creature (Swamp:3)
  A redback (Lair:3)
  A shadow (Swamp:1)
  2 wyverns
  39 yaks
  4 hippogriffs
  10 vampire mosquitoes
  2 basilisks
  8 insubstantial wisps
  12 swamp worms
  2 wargs
  9 water moccasins
  Edmund (D:4)
  8 porcupines
  5 swamp drakes
  A sky beast (D:8)
  17 orc warriors
  5 wasps
  2 phantoms
  7 ogres
  3 wolves (Lair:2)
  5 centaurs
  6 crocodiles
  26 giant frogs
  A scorpion (D:9)
  3 killer bees
  2 wights (D:9)
  A howler monkey (D:8)
  4 electric eels (Lair:8)
  A crimson imp (D:8)
  A quasit (D:9)
  12 orc priests
  2 jellies (D:8)
  9 orc wizards
  A giant frog skeleton (D:5)
  6 iguanas
  Ijyb (D:4)
  Natasha (D:4)
  4 worker ants
  11 sheep
  A hound zombie (D:7)
  2 gnolls (D:8)
  19 adders
  40 river rats
  5 oozes
  2 adder skeletons
  An adder zombie (D:2)
  5 dart slugs (D:1)
  8 giant geckos
  62 orcs
  2 giant cockroaches
  7 goblins
  7 hobgoblins
  12 jackals
  2 quokkas (D:3)
  A ball python (Sewer)
  6 bats
  13 giant newts
  10 kobolds
  7 rats
  A toadstool (D:1)
571 creatures vanquished.

Vanquished Creatures (collateral kills)
  Maud (Lair:6)
  A hydra (Swamp:3)
  A centaur warrior (Volcano)
  3 alligators
  2 catoblepae
  An orc high priest (Orc:2)
  A swamp dragon (Swamp:2)
  A shambling mangrove (Swamp:2)
  An infernal demonspawn (Orc:2)
  A lindwurm (Lair:7)
  An orc knight (Orc:2)
  2 griffons (Lair:8)
  2 hornets (Swamp:2)
  A cyclops (D:8)
  A rust devil (Orc:2)
  A sixfirhy (Orc:2)
  7 elephants
  2 molten gargoyles (Volcano)
  4 black mambas
  A torpor snail (Lair:8)
  5 spiny frogs
  3 komodo dragons
  An ice devil (Orc:2)
  2 polar bears (Lair:4)
  3 trolls
  4 giant leeches
  A bog body (Swamp:2)
  6 blink frogs
  6 slime creatures
  A shadow (Swamp:3)
  Eustachio (D:4)
  4 hippogriffs
  22 yaks
  A basilisk (Lair:1)
  11 vampire mosquitoes
  A warg (Orc:2)
  3 swamp worms
  7 insubstantial wisps
  3 water moccasins
  A porcupine (Lair:1)
  16 orc warriors
  An ice beast (D:7)
  3 wasps
  3 swamp drakes
  2 phantoms
  A sky beast (D:8)
  4 ogres
  A wolf (Lair:2)
  2 centaurs
  6 crocodiles
  12 giant frogs
  A killer bee (D:7)
  4 howler monkeys
  3 wights (D:9)
  5 crimson imps
  A quasit (D:8)
  7 orc priests
  2 hounds
  4 jellies
  2 giant frog skeletons
  2 centaur skeletons
  An iguana (D:7)
  Natasha (D:4)
  5 orc wizards
  3 worker ants
  15 sheep
  2 adders
  A gnoll (D:8)
  31 river rats
  A shadow imp (D:8)
  An ooze (D:8)
  A giant gecko (D:4)
  21 orcs
  A giant cockroach (D:4)
  A hobgoblin (D:2)
  3 jackals
  A kobold (Sewer)
  A quokka (D:5)
  2 bats (D:3)
  A quokka zombie (D:5)
  2 fungi
  4 plants
302 creatures vanquished.

Vanquished Creatures (others)
  13 knights
  2 ancestors (D:4)
  35 fungi
  31 plants
  3 toadstools (D:1)
84 creatures vanquished.

Grand Total: 957 creatures vanquished

Notes
Turn   | Place    | Note
--------------------------------------------------------------
     0 | D:1      | nubinia the Deep Elf Fire Elementalist began the quest for the Orb.
     0 | D:1      | Reached XP level 1. HP: 10/10 MP: 6/6
   380 | D:1      | Reached XP level 2. HP: 15/15 MP: 5/8
   384 | D:1      | Learned a level 2 spell: Throw Flame
   862 | D:1      | Reached XP level 3. HP: 19/19 MP: 7/10
  1201 | D:1      | Found a sparkling altar of Nemelex Xobeh.
  1397 | D:2      | Found a hazy altar of Hepliaklqana.
  1402 | D:2      | Became a worshipper of Hepliaklqana
  1610 | D:2      | Reached skill level 4 in Spellcasting
  1664 | D:2      | Found a sacrificial altar of Ru.
  1715 | D:2      | Reached XP level 4. HP: 24/24 MP: 10/12
  2229 | D:3      | Found a basalt altar of Yredelemnul.
  2229 | D:3      | Found a shattered altar of Ashenzari.
  2229 | D:3      | Found an iron altar of Okawaru.
  2231 | D:3      | Found a blossoming altar of Fedhas.
  2627 | D:3      | Reached XP level 5. HP: 15/28 MP: 5/13
  2835 | D:3      | Noticed Purgy
  3074 | D:2      | Learned a level 3 spell: Conjure Flame
  3079 | D:2      | Learned a level 4 spell: Sticky Flame
  3218 | D:3      | Reached * piety under Hepliaklqana
  3315 | D:4      | Found a staircase to the Ecumenical Temple.
  3351 | D:4      | Found a glowing drain.
  3414 | Sewer    | Entered a sewer
  4151 | D:4      | Noticed Edmund
  4168 | D:4      | Killed Edmund
  4168 | D:4      | Reached skill level 5 in Spellcasting
  4168 | D:4      | Reached XP level 6. HP: 32/32 MP: 0/15
  4475 | D:4      | Reached skill level 5 in Fire Magic
  4655 | D:4      | Noticed Ijyb
  4663 | D:4      | Killed Ijyb
  4663 | D:4      | Reached skill level 1 in Armour
  4663 | D:4      | Reached XP level 7. HP: 28/36 MP: 7/17
  4796 | D:4      | Reached skill level 6 in Spellcasting
  4800 | D:4      | Found Neablorr's Weapon Emporium.
  4867 | D:4      | Reached ** piety under Hepliaklqana
  4868 | D:4      | Remembered your ancestor Ankherfenedjef as a knight
  5036 | D:4      | Noticed Natasha
  5037 | D:4      | Found a stormy altar of Qazlal.
  5040 | D:4      | Killed Natasha
  5230 | D:4      | Noticed Eustachio
  5240 | D:4      | Killed Eustachio
  5289 | D:4      | Noticed Natasha
  5295 | D:4      | Killed Natasha
  5483 | Temple   | Entered the Ecumenical Temple
  5694 | D:5      | Entered Level 5 of the Dungeon
  5888 | D:5      | Reached skill level 7 in Spellcasting
  5974 | D:5      | Reached XP level 8. HP: 42/42 MP: 11/20
  6359 | D:5      | Found Jyery's Jewellery Shoppe.
  6596 | D:6      | Reached *** piety under Hepliaklqana
  6693 | D:6      | Reached skill level 5 in Stealth
  6754 | D:6      | Found a sparkling altar of Nemelex Xobeh.
  7398 | D:7      | Noticed Tux's ghost (novice GrMo)
  7525 | D:7      | Killed Tux's ghost
  7525 | D:7      | Reached skill level 5 in Dodging
  7525 | D:7      | Reached skill level 8 in Spellcasting
  7525 | D:7      | Reached skill level 5 in Conjurations
  7525 | D:7      | Reached skill level 1 in Evocations
  7964 | D:7      | Reached **** piety under Hepliaklqana
  7968 | D:7      | You fall through a shaft!
  7997 | D:7      | Found Yfav's Weapon Boutique.
  8176 | D:7      | Reached XP level 9. HP: 38/46 MP: 17/23
  8180 | D:7      | Found a burning altar of Makhleb.
  8417 | D:7      | Reached skill level 1 in Invocations
  8448 | D:7      | Identified a scroll of acquirement
  8574 | D:8      | Found a shadowy altar of Dithmenos.
  8608 | D:7      | Reached skill level 1 in Fighting
  8867 | D:8      | Found an oddly glowing altar of Pakellas.
  8867 | D:8      | Found Pakellas's Prime Provisions.
  8970 | D:8      | Found a glowing silver altar of Zin.
  9016 | D:8      | Found a hide-covered altar to Ukayaw.
  9073 | D:8      | Reached skill level 9 in Spellcasting
  9220 | D:8      | Noticed a cyclops
  9252 | D:8      | Learned a level 5 spell: Fireball
  9271 | D:8      | Killed a cyclops
  9372 | D:8      | Gained mutation: You have a pair of small horns on your head. [mutagenic meat]
  9373 | D:8      | Gained mutation: You have sharp toenails. [mutagenic meat]
  9374 | D:8      | Gained mutation: You are clumsy. (Dex -2) [mutagenic meat]
  9375 | D:8      | Lost mutation: You have a pair of small horns on your head. [potion of cure mutation]
  9375 | D:8      | Lost mutation: You are clumsy. (Dex -2) [potion of cure mutation]
  9375 | D:8      | Lost mutation: You have sharp toenails. [potion of cure mutation]
  9683 | D:9      | Found a staircase to the Lair.
  9824 | D:9      | Reached XP level 10. HP: 52/52 MP: 22/25
  9856 | D:9      | Reached ***** piety under Hepliaklqana
  9960 | D:9      | Found a deep blue altar of Sif Muna.
  9970 | D:9      | Reached skill level 1 in Short Blades
 10131 | D:9      | Found a staircase to the Orcish Mines.
 10623 | D:9      | Reached skill level 10 in Spellcasting
 10932 | Lair:1   | Entered Level 1 of the Lair of Beasts
 10992 | Lair:1   | Noticed a spiny frog
 10996 | Lair:1   | Killed a spiny frog
 11088 | Lair:1   | Got a brightly glowing spear
 11240 | Lair:1   | Gained mutation: You are partially covered in rugged brown scales. (AC +1, +3% HP) [potion of mutation]
 11240 | Lair:1   | Gained mutation: You are surrounded by a mild repulsion field. (EV +2) [potion of mutation]
 11240 | Lair:1   | Gained mutation: Armour fits poorly on your strangely shaped body. [potion of mutation]
 11307 | Lair:1   | Reached skill level 5 in Invocations
 11963 | Lair:1   | Reached XP level 11. HP: 44/58 MP: 12/27
 12279 | Lair:2   | Identified the cursed +0 spear of Trial by Ordeal {drain, rF- rN+ Str+9 Dex+4} (You found it on level 1 of the Lair of Beasts)
 12316 | Lair:2   | Reached skill level 11 in Spellcasting
 12882 | Lair:2   | Noticed an oklob plant
 12901 | Lair:2   | Noticed an oklob plant
 12905 | Lair:2   | Noticed an oklob plant
 13418 | Lair:3   | Found a hole to the Spider Nest.
 13421 | Lair:3   | Noticed a catoblepas
 13439 | Lair:3   | Killed a catoblepas
 13622 | Lair:3   | Got a crude arbalest
 13844 | Lair:3   | Found a stormy altar of Qazlal.
 13908 | Lair:3   | Got a polished spear
 13909 | Lair:3   | Identified the +5 spear of Income {pierce, Dex+5} (You found it on level 3 of the Lair of Beasts)
 13910 | Lair:3   | Identified the +9 arbalest "Sazapp" {flame, rC++ MP+9} (You found it on level 3 of the Lair of Beasts)
 14274 | Lair:4   | Learned a level 3 spell: Ignite Poison
 14375 | Lair:4   | Reached skill level 1 in Polearms
 14755 | Lair:4   | Noticed a death yak
 14761 | Lair:4   | Noticed a death yak
 14762 | Lair:4   | Noticed a death yak
 14950 | Lair:4   | Reached skill level 12 in Spellcasting
 14977 | Lair:4   | Reached XP level 12. HP: 58/65 MP: 28/30
 15036 | Lair:4   | Found a white marble altar of Elyvilon.
 15224 | Lair:4   | Noticed an eight-headed hydra
 15237 | Lair:4   | Killed an eight-headed hydra
 15362 | Lair:4   | Reached ****** piety under Hepliaklqana
 15789 | Lair:4   | Killed a death yak
 15793 | Lair:4   | Killed a death yak
 15802 | Lair:4   | Killed a death yak
 15802 | Lair:4   | Reached skill level 10 in Fire Magic
 15870 | Lair:5   | Learned a level 3 spell: Mephitic Cloud
 16362 | Lair:5   | Reached skill level 10 in Conjurations
 16417 | Lair:5   | Reached skill level 13 in Spellcasting
 16468 | Lair:5   | Got a wizard robe
 16646 | Lair:5   | Identified the +1 robe of the Raven {*Corrode rN+ MR+ Regen+} (You found it on level 5 of the Lair of Beasts)
 17381 | Lair:5   | Upgraded the game from 0.19-a0-291-ga637243 to 0.19-a0-328-g3707654
 17459 | Lair:6   | Noticed Maud
 17489 | Lair:6   | Killed Maud
 17489 | Lair:6   | Reached XP level 13. HP: 51/70 MP: 14/32
 17531 | Lair:6   | Found a staircase to the Swamp.
 17866 | Lair:6   | Found a staircase to the Slime Pits.
 17867 | Lair:6   | Found a viscous altar of Jiyva.
 18298 | Lair:7   | Found a shattered altar of Ashenzari.
 18357 | Lair:7   | HP: 2/70 [seven-headed hydra (5)]
 18634 | Lair:7   | Found a dark tunnel.
 18721 | Volcano  | Entered a volcano
 18831 | Volcano  | Found a burning altar of Makhleb.
 19972 | Lair:7   | Reached skill level 10 in Dodging
 19984 | Lair:7   | Reached skill level 10 in Stealth
 20422 | Lair:7   | Reached skill level 14 in Spellcasting
 20539 | Lair:8   | Entered Level 8 of the Lair of Beasts
 21953 | Lair:8   | Reached XP level 14. HP: 67/76 MP: 13/34
 23492 | Lair:8   | Found a snail-covered altar of Cheibriados.
 23636 | Lair:8   | Reached skill level 1 in Crossbows
 23742 | Lair:8   | Reached skill level 15 in Spellcasting
 23959 | Orc:1    | Entered Level 1 of the Orcish Mines
 24144 | Orc:2    | Entered Level 2 of the Orcish Mines
 24148 | Orc:2    | Found Vuimyidd's General Store.
 24160 | Orc:2    | Bought a scroll of identify for 24 gold pieces
 24270 | Orc:2    | Found a staircase to the Elven Halls.
 24462 | Orc:2    | Found a roughly hewn altar of Beogh.
 25572 | Orc:2    | Found Nyosaij's Magic Scroll Shop.
 25574 | Orc:2    | Found Xuumm's General Store.
 25608 | Orc:2    | Bought a scroll of identify for 28 gold pieces
 27040 | Orc:2    | Paralysed by an orc sorcerer for 6 turns
 27128 | Orc:2    | Found Caavvulol's Antique Weapon Emporium.
 27128 | Orc:2    | Found a one-way gate leading to the halls of Pandemonium.
 27128 | Orc:2    | Found Petyh's Gadget Shoppe.
 27717 | Swamp:1  | Entered Level 1 of the Swamp
 28970 | Swamp:1  | Reached skill level 16 in Spellcasting
 29246 | Swamp:2  | Reached XP level 15. HP: 82/82 MP: 11/37
 29257 | Swamp:1  | Remembered your ancestor Ankherfenedjef wielding a broad axe
 29798 | Swamp:2  | Learned a level 1 spell: Apportation
 29858 | Swamp:2  | Learned a level 1 spell: Summon Butterflies
 30053 | Swamp:2  | Learned a level 6 spell: Bolt of Fire
 30061 | Swamp:2  | Learned a level 7 spell: Delayed Fireball
 30222 | Swamp:2  | Upgraded the game from 0.19-a0-328-g3707654 to 0.19-a0-330-g034cfd4
 31173 | Swamp:3  | Noticed a thorn hunter
 31175 | Swamp:3  | Killed a thorn hunter
 31260 | Swamp:3  | Noticed a thorn hunter
 31270 | Swamp:3  | Killed from afar by a thorn hunter

Vault maps used:
D:1:      ldierk_water_garden, minmay_tree_intersection, nemelex_deck
D:2:      lemuel_doored_altar, nicolae_overflow_hidden_temple
D:3:      grunt_temple_overflow_open, first_bread, serial_curves,
          eino_curves_02, eino_curves_01, uniq_purgy, uniq_iyjb
D:4:      nicolae_overflow_crystal_walls, minmay_temple_entry_statues_fountains,
          serial_shops, nicolae_shop_trees, gup_sewer_entry_pipe, uniq_natasha,
          uniq_edmund, uniq_eustachio
D:5:      serial_shops, shop
D:6:      lemuel_coloured_pillars_altar, kennysheep_opposing_triangles
D:7:      demons_altar, serial_shops, nicolae_shop_crystal
D:8:      johnstein_pakellas_shop, old_standard_altar, kennysheep_mini_moat,
          nicolae_dithmenos_shadow_blocks, hangedman_little_slice_of_home
D:9:      lemuel_crystal_altar, lair_0_dummy, david_orc_1_choice
Temple:   jpeg_temple_alley_garden_8
Lair:1:   cheibrodos_lair_caveside_slide, beast_lair_carwin_6,
          infiniplex_staircase_pool
Lair:2:   disabler_island, lemuel_fruit_fields
Lair:3:   spider_nest_entry_webs, basic_altar
Lair:4:   basic_altar, lemuel_fruit_tree, bh_autumn_forest_stairs
Lair:5:   grunt_megastairs_1
Lair:6:   swamp_mist, slime_altar_1, uniq_maud
Lair:7:   basic_altar, lightli_volcano_entry_magma_tube,
          kennysheep_catoblepas_arena
Lair:8:   minmay_lair_end_frog_pond, kennysheep_snail_temple
Swamp:1:  evilmike_swamp_ruin_house_4
Swamp:2:  evilmike_swamp_ruin_wall
Swamp:3:  evilmike_swamp_ruin_rubble_1
Orc:2:    pf_orc_diabolical, serial_shops, shop, basic_altar,
          lightli_orcish_oven
Sewer:    sewer_co_scattered_pipes
Volcano:  volcano_lake

Skill      XL: |  1  2  3  4  5  6  7  8  9 10 11 12 13 14 15 |
---------------+----------------------------------------------+-----
Fire Magic     | 4 5 6 7 8 9 10 11 | 11.7
Spellcasting   | 4 5 7 8 9 10 12 13 14 16 | 16.5
Stealth        | 3 4 5 6 7 9 10 12 | 12.5
Conjurations   | 2 3 4 5 6 8 9 10 11 12 | 12.7
Dodging        | 3 4 5 7 8 9 10 11 | 11.0
Armour         | 1 2 3 4 |  4.2
Evocations     | 1 3 |  3.7
Invocations    | 3 5 8 9 |  9.3
Fighting       | 1 2 3 4 |  4.4
Short Blades   | 1 |  1.0
Polearms       | 1 2 3 |  3.9
Crossbows      | 3 |  3.7
Translocations | |  0.2
Air Magic      | |  0.2

Action                   |  1- 3 |  4- 6 |  7- 9 | 10-12 | 13-15 || total
-------------------------+-------+-------+-------+-------+-------++-------
Melee: Unarmed           |     8 |       |       |       |       ||     8
       Dagger            |       |    41 |   100 |    33 |       ||   174
       Falchion          |       |       |     8 |       |       ||     8
       Spear             |       |       |       |   310 |   711 ||  1021
 Fire: Blowgun           |       |     1 |       |       |       ||     1
       Arbalest          |       |       |       |    10 |   152 ||   162
 Cast: Flame Tongue      |    54 |    78 |   204 |   209 |   141 ||   686
       Throw Flame       |     1 |    20 |    26 |    47 |   108 ||   202
       Conjure Flame     |       |     1 |     3 |    14 |     5 ||    23
       Sticky Flame      |       |       |    13 |    64 |   107 ||   184
       Fireball          |       |       |       |    13 |    38 ||    51
       Mephitic Cloud    |       |       |       |    10 |   214 ||   224
       Apportation       |       |       |       |       |     1 ||     1
       Delayed Fireball  |       |       |       |       |     1 ||     1
       Summon Butterflie |       |       |       |       |     1 ||     1
Invok: Recall Ancestor   |     1 |     2 |     2 |     9 |    12 ||    26
       Ancestor Life: Kn |       |       |     1 |       |       ||     1
       Transference      |       |       |       |     2 |       ||     2
       Idealise          |       |       |       |       |     7 ||     7
Knight: Broad Axe        |       |       |       |       |     1 ||     1
Evoke: Wand              |       |       |     5 |       |    40 ||    45
  Use: Scroll            |     1 |     7 |    13 |     8 |    14 ||    43
       Potion            |       |     5 |     3 |     7 |     4 ||    19
 Stab: Sleeping          |       |     4 |    11 |    13 |     2 ||    30
       Distracted        |       |       |       |    10 |    11 ||    21
       Confused          |       |       |       |     9 |   101 ||   110
  Eat: Chunk             |     2 |    10 |    21 |    24 |    44 ||   101
       Pizza             |       |       |       |     1 |       ||     1
       Beef jerky        |       |       |       |       |     1 ||     1
Armor: Robe              |     3 |     4 |       |       |       ||     7
       Leather armour    |       |     4 |    60 |    57 |    73 ||   194
Dodge: Dodged            |    10 |    52 |   198 |   340 |   528 ||  1128
